 Dungeon Crawl Stone Soup version 0.17-a0-1648-g0a089d4 (webtiles) character file.

2065 karlkraus the Shield-Bearer (level 9, -15/81 HPs)
             Began as a Minotaur Fighter on Aug 12, 2015.
             Was a Believer of Qazlal.
             Killed from afar by an oklob plant (20 damage)
             ... with a splash of acid
             ... on level 7 of the Dungeon on Aug 13, 2015.
             The game lasted 00:16:17 (4675 turns).

karlkraus the Shield-Bearer (Minotaur Fighter)      Turns: 4675, Time: 00:16:17

Health: -15/81     AC: -1    Str: 22    XL:     9   Next: 5%
Magic:  8/8        EV: 14    Int:  5    God:    Qazlal [**....]
Gold:   346        SH: 14    Dex: 16    Spells: 0 memorised, 8 levels left

rFire  . . .     SeeInvis .     a - +1 flail
rCold  . . .     Clarity  .     l - +3 leather armour
rNeg   . . .     SustAt   .     c - +0 shield
rPois  .         Gourm    .     (helmet restricted)
rElec  .         Spirit   .     (no cloak)
rCorr  .         Warding  .     t - +2 pair of gloves
rMut   .         Stasis   .     (no boots)
MR     .....                    (no amulet)
Stlth  +.........               (no ring)
                                (no ring)

@: corroded equipment, not resistant to hostile enchantments, very unstealthy
A: retaliatory headbutt, horns 2, rugged brown scales 1, agile 2, MP-powered
wands
a: Upheaval, Renounce Religion


You were on level 7 of the Dungeon.
You worshipped Qazlal.
Qazlal was pleased with you.
You were very hungry.

You visited 1 branch of the dungeon, and saw 7 of its levels.
You also visited: Ossuary.

You collected 346 gold pieces.

Inventory:

Hand weapons
 a - a +1 flail (weapon)
Armour
 c - a +0 shield (worn)
 l - a +3 leather armour (worn)
 t - a +2 pair of gloves (worn)
Jewellery
 h - an uncursed ring of teleportation
 y - an uncursed ring of fire
 A - an uncursed ring of ice
Magical devices
 D - a wand of paralysis (8)
Scrolls
 d - a scroll of teleportation {unknown}
 f - 2 scrolls of enchant weapon
 m - a scroll of remove curse
 n - a scroll of identify
 o - 2 scrolls of blinking {unknown}
 p - 2 scrolls of recharging {unknown}
 q - a scroll of fear {unknown}
 u - a scroll of random uselessness {unknown}
 w - 2 scrolls of immolation {unknown}
 E - a scroll of enchant armour {unknown}
 F - a scroll of fog {unknown}
Potions
 g - 3 potions of cancellation
 i - 3 potions of haste
 j - 2 potions of agility
 s - a potion of berserk rage
 v - a potion of curing
 x - a potion of brilliance
 z - a potion of cure mutation
Books
 B - a book of Burglary

   Spells                             Type                      Level
   a - Swiftness                      Charms/Air                   2
   b - Passwall                       Transmutation/Earth          3
   c - Passage of Golubria            Translocation                4
   d - Lee's Rapid Deconstruction     Earth                        5
   e - Darkness                       Hexes                        6
   f - Invisibility                   Hexes                        6
 C - a book of Maledictions

   Spells                             Type                      Level
   a - Corona                         Hexes                        1
   b - Ensorcelled Hibernation        Hexes/Ice                    2
   c - Confuse                        Hexes                        3
   d - Tukima's Dance                 Hexes                        3
   e - Dazzling Spray                 Conjuration/Hexes            3
Comestibles
 b - 6 fruits
 e - 6 bread rations
 k - 6 meat rations
 r - 2 royal jellies
 H - a slice of pizza


   Skills:
 + Level 7.0 Fighting
 + Level 7.2 Maces & Flails
 + Level 5.1 Armour
 + Level 6.6 Dodging
 + Level 1.7 Stealth
 + Level 7.5 Shields


You had 8 spell levels left.
You didn't know any spells.

Dungeon Overview and Level Annotations

Branches:
Dungeon (7/15)             Temple (0/1) D:7

Altars:
Ashenzari
Elyvilon
Fedhas
Gozag
Nemelex Xobeh
Okawaru
Qazlal
Ru
Yredelemnul
The Shining One

Annotations:
D:7 exclusion: oklob plant


Innate Abilities, Weirdness & Mutations

You reflexively headbutt those who attack you in melee.
You have a pair of horns on your head.
You are partially covered in rugged brown scales (AC +1, +3% HP).
You are very agile. (Dex +4)
You expend magic power (3 MP) to strengthen your wands.


Message History

The oklob plant is heavily damaged.
The oklob plant spits acid at you. The splash of acid hits you!
The acid corrodes you!
The acid burns!
You hit the oklob plant but do no damage.
You headbutt the oklob plant, but do no damage.
The oklob plant is heavily damaged.
You hit the oklob plant but do no damage.
The oklob plant is heavily damaged.
You hit the oklob plant but do no damage.
You headbutt the oklob plant.
The oklob plant is heavily damaged.
The plant is engulfed in freezing vapours.
The oklob plant spits acid at you. The splash of acid hits you!
* * * LOW HITPOINT WARNING * * *
The acid corrodes you!
The acid burns!
* * * LOW HITPOINT WARNING * * *
The oklob plant spits acid at you. The splash of acid hits you!
You die...

...####.#####♣PP♣.≈≈≈≈._.≈≈≈≈.PP
##.# #.# #PPPP.≈≈≈≈...≈≈≈≈.PP
#.# #.# #P♣♣#.≈≈≈≈≈.≈≈≈ #.## #.#
##PPP..≈≈≈≈.≈≈≈ #..###.#
#.PP#♣..≈≈≈.≈≈≈
##.....#####♣PPPP...≈≈.≈≈.
###......##P#PPPP........
#.....§##P%§PPP..#PPPPP
#...<..##.P%@%%PPP#P#PP
##########PP%PPPP.P♣# .
#PP♣...P.♣PP# #############


You could see an oklob plant.

Vanquished Creatures
  The ghost of karlkraus the Shield-Bearer, an experienced FoFi of Cheibriados (D:5)
  A hungry ghost (D:7)
  2 sky beasts
  2 ogres
  2 centaurs
  3 giant frogs (D:6)
  An elf zombie (Ossuary)
  A scorpion (D:6)
  A crimson imp (D:5)
  2 hounds
  An orc priest (D:6)
  A human zombie (Ossuary)
  2 jellies
  2 centaur skeletons
  2 orc wizards (D:7)
  A worker ant (D:6)
  An iguana (D:4)
  2 big kobold zombies (Ossuary)
  2 mummies (Ossuary)
  13 adders
  A gnoll (D:1)
  2 adder zombies (D:6)
  A worm (D:3)
  3 adder skeletons
  10 orcs
  7 bats
  5 giant cockroaches
  5 goblins (D:2)
  14 hobgoblins
  7 jackals
  6 kobolds
  A ball python (D:4)
  A ball python zombie (D:6)
  3 giant geckos
  2 giant newts
  13 hobgoblin zombies (Ossuary)
  2 jackal zombies (Ossuary)
  10 kobold zombies (Ossuary)
  7 orc zombies (Ossuary)
  A quokka (D:6)
  4 rats
  A rat zombie (Ossuary)
  A fungus (D:7)
  A plant (D:7)
151 creatures vanquished.

Vanquished Creatures (others)
  A kobold (D:3)
1 creature vanquished.

Grand Total: 152 creatures vanquished

Notes
Turn   | Place    | Note
--------------------------------------------------------------
     0 | D:1      | karlkraus the Minotaur Fighter began the quest for the Orb.
     0 | D:1      | Reached XP level 1. HP: 19/19 MP: 0/0
   289 | D:1      | Reached XP level 2. HP: 24/27 MP: 1/1
   291 | D:1      | Reached skill level 4 in Fighting
   695 | D:2      | Found an opulent altar of Gozag.
   751 | D:2      | Reached XP level 3. HP: 33/33 MP: 2/2
  1056 | D:2      | Found a glowing golden altar of the Shining One.
  1139 | D:2      | Reached skill level 1 in Dodging
  1139 | D:2      | Reached XP level 4. HP: 24/41 MP: 3/3
  1176 | D:2      | Found a sparkling altar of Nemelex Xobeh.
  1232 | D:2      | Found an iron altar of Okawaru.
  1450 | D:3      | Found a shattered altar of Ashenzari.
  1882 | D:3      | Found a stormy altar of Qazlal.
  1952 | D:3      | Reached XP level 5. HP: 47/47 MP: 4/4
  2008 | D:3      | Became a worshipper of Qazlal Stormbringer
  2045 | D:4      | Found a basalt altar of Yredelemnul.
  2058 | D:4      | Found a sand-covered staircase.
  2072 | Ossuary  | Entered an ossuary
  2141 | Ossuary  | Reached skill level 5 in Shields
  2168 | Ossuary  | Reached skill level 5 in Fighting
  2185 | Ossuary  | Reached XP level 6. HP: 23/56 MP: 5/5
  2187 | Ossuary  | Acquired Qazlal's first power
  2499 | D:4      | Noticed an ogre
  2506 | D:4      | Killed an ogre
  2588 | D:4      | Found a sacrificial altar of Ru.
  3100 | D:5      | Entered Level 5 of the Dungeon
  3104 | D:5      | Reached XP level 7. HP: 61/61 MP: 6/6
  3219 | D:5      | Reached skill level 1 in Stealth
  3249 | D:5      | Found a sacrificial altar of Ru.
  3253 | D:5      | Noticed karlkraus's ghost (experienced FoFi)
  3264 | D:5      | Killed karlkraus's ghost
  3264 | D:5      | Reached skill level 6 in Fighting
  3264 | D:5      | Reached skill level 5 in Maces & Flails
  3264 | D:5      | Reached XP level 8. HP: 41/71 MP: 7/7
  3605 | D:6      | Reached skill level 5 in Dodging
  3685 | D:6      | Gained mutation: You are partially covered in rugged brown scales (AC +1, +3% HP). [mutagenic meat]
  3686 | D:6      | Gained mutation: You expend magic power (3 MP) to strengthen your wands. [mutagenic meat]
  3687 | D:6      | Gained mutation: You are agile. (Dex +2) [mutagenic meat]
  3688 | D:6      | Gained mutation: You are very agile. (Dex +4) [mutagenic meat]
  3812 | D:6      | Found a white marble altar of Elyvilon.
  3885 | D:6      | Acquired Qazlal's second power
  3885 | D:6      | Reached skill level 5 in Armour
  3911 | D:6      | Reached skill level 7 in Shields
  4344 | D:7      | Found a staircase to the Ecumenical Temple.
  4367 | D:7      | Reached XP level 9. HP: 65/81 MP: 8/8
  4629 | D:7      | Found a blossoming altar of Fedhas.
  4644 | D:7      | Noticed an oklob plant
  4675 | D:7      | Killed from afar by an oklob plant

Vault maps used:
D:1:      dpeg_arrival_water_fire
D:2:      okawaru_ov_weapons_minmay, nicolae_gozag_seed_capital, tso_metal_star,
          kennysheep_cross_room, nemelex_xobeh_ov_fountains_minmay
D:3:      lemuel_upstairs_altar, nicolae_ashenzari_panopticon, first_bread,
          nicolae_qazlal_eye_of_the_storm
D:4:      kennysheep_little_box, nicolae_ossuary_entry_ruins,
          lemuel_statue_altar
D:5:      nicolae_ru_sacrificial_ziggurat
D:6:      lemuel_crystal_altar
D:7:      tgw_fedhas, minmay_temple_entry_crystal_x, grunt_livestock,
          lemuel_another_geyser
Ossuary:  ossuary_tomb_1

Action                   |  1- 3 |  4- 6 |  7- 9 || total
-------------------------+-------+-------+-------++-------
Melee: Flail             |    83 |   213 |   148 ||   444
  Use: Scroll            |       |     2 |     3 ||     5
       Potion            |       |       |     8 ||     8
 Stab: Sleeping          |       |     1 |       ||     1
  Eat: Chunk             |       |     6 |     8 ||    14
       Fruit             |       |       |     2 ||     2
